Map: Глубоководный риф РВ

Players

ELESTRAGO - Winner!

  • Race: Terran Terran
  • League: Master
  • Spawn Location: 11:00

Tymli

  • Race: Protoss Protoss
  • League: Master
  • Spawn Location: 5:00

VOD

Have the link to the VOD?

Description

Time

  • Played on: Dec. 10, 2017, 6:06 a.m.
  • Length: 11:09
Show
View Real Time Build Order
Export as new Build Order

ELESTRAGO Terran - Winner!

Build Orders: Mech 

Get SALT Encoding   

  12  0:00  SCV  
  13  0:13  SCV  
  14  0:18  Supply Depot  
  14  0:25  SCV  
  15  0:29  Refinery  
  15  0:39  SCV  
  16  0:45  Barracks  
  16  0:51  SCV  
  17  1:03  SCV  
  18  1:15  SCV  
  19  1:33  Orbital Command, Barracks Reactor  
  19  1:47  Command Center  
  19  2:00  Factory  
  19  2:03  SCV  
  20  2:12  Supply Depot  
  20  2:15  SCV  
  21  2:20  Marine x2  
  23  2:27  Bunker  
  23  2:33  SCV  
  24  2:45  SCV  
  24  2:46  Refinery  
  24  2:50  Hellion x2  
  29  2:57  SCV  
  30  3:03  Orbital Command  
  30  3:09  SCV  
  30  3:10  Widow Mine  
  30  3:11  Widow Mine  
  35  3:22  SCV  
  35  3:27  Supply Depot  
  36  3:28  SCV  
  36  3:34  SCV  
  38  3:49  Cyclone x2  
  38  3:50  Barracks Tech Lab  
  38  3:51  SCV  
  38  3:52  SCV, Factory  
  42  3:59  Supply Depot  
  42  4:04  SCV x2  
  44  4:16  SCV x2  
  46  4:19  Command Center  
  44  4:26  Supply Depot  
  44  4:28  SCV x2  
  46  4:31  Refinery  
  46  4:33  Refinery  
  46  4:41  SCV x2  
  46  4:44  Siege Tank  
  51  4:48  Cyclone  
  51  4:51  Cyclone  
  57  4:54  SCV x2  
  58  5:06  SCV x2  
  60  5:09  Armory  
  60  5:10  Armory  
  60  5:18  SCV  
  60  5:19  SCV  
  62  5:27  Siege Tank  
  62  5:28  Hellion x2  
  69  5:30  SCV  
  69  5:31  SCV, Engineering Bay  
  69  5:32  Orbital Command  
  71  5:43  SCV x2  
  71  5:49  Hellion x2  
  77  5:55  SCV x2  
  79  5:57  Orbital Command  
  79  5:59  Siege Tank  
  82  6:05  Terran Vehicle Weapons Level 1, Terran Vehicle And Ship Armor Level 1  
  82  6:07  SCV x2  
  84  6:19  SCV  
  84  6:23  Supply Depot  
  84  6:25  Supply Depot  
  85  6:28  SCV x2, Hellion x2  
  85  6:31  SCV  
  92  6:37  Barracks Reactor  
  92  6:38  Factory  
  92  6:39  Factory  
  92  6:40  SCV x2, Factory  
  92  6:43  SCV  
  92  6:47  Supply Depot  
  95  6:49  Supply Depot  
  95  6:50  Siege Tank  
  95  6:52  SCV  
  99  6:56  Cyclone  
  99  6:57  Cyclone  
  99  6:59  SCV  
  99  7:00  SCV  
  107  7:04  SCV  
  107  7:06  Refinery  
  107  7:07  Refinery  
  108  7:11  SCV  
  108  7:13  Supply Depot x2  
  109  7:17  Missile Turret  
  109  7:21  Missile Turret  
  109  7:22  SCV x2, Missile Turret  
  111  7:23  Missile Turret  
  111  7:29  SCV  
  112  7:34  SCV, Factory Tech Lab  
  112  7:35  Factory Tech Lab, Missile Turret  
  113  7:39  Factory Tech Lab  
  113  7:40  Siege Tank, Cyclone  
  113  7:41  Cyclone  
  113  7:42  SCV x2  
  113  7:44  Infernal Pre-Igniter  
  124  7:46  SCV  
  124  7:49  Supply Depot x2  
  125  7:55  SCV x2  
  127  8:03  Cyclone x2  
  127  8:04  Siege Tank x2  
  139  8:17  Missile Turret  
  139  8:22  Missile Turret  
  139  8:24  Hellion x2  
  139  8:26  Command Center  
  141  8:31  Missile Turret  
  141  8:34  Siege Tank  
  144  8:36  Siege Tank  
  144  8:39  Supply Depot, Terran Vehicle Weapons Level 2  
  144  8:40  Terran Vehicle And Ship Armor Level 2  
  145  8:42  Supply Depot  
  145  8:45  Hellion x3  
  151  8:54  Sensor Tower  
  153  8:56  Hellion x2  
  153  8:58  SCV x3  
  158  9:06  Refinery  
  158  9:10  Refinery  
  158  9:16  Missile Turret  
  142  9:29  Cyclone x4  
  142  9:30  Siege Tank x2  
  151  9:37  Hellion  
  151  9:39  SCV x2, Planetary Fortress  
  153  9:52  Supply Depot  
  153  9:58  Factory x2  
  153  9:59  Hellion  
  155  10:01  Hellion x3  
  155  10:02  Siege Tank, Hellion x2  
  168  10:20  Siege Tank  
  168  10:26  Siege Tank  
  169  10:32  Hellion x2  
  169  10:33  Hellion x2  
  169  10:34  Siege Tank  
  180  10:37  SCV  
  180  10:39  Command Center  
  174  10:58  Factory Tech Lab  
Show
View Real Time Build Order
Export as new Build Order

Tymli Protoss 

Build Orders: 1 Gate Expand, Blink Stalkers 

Get SALT Encoding   

  12  0:01  Probe  
  13  0:13  Probe  
  14  0:17  Pylon  
  14  0:25  Probe (Chrono Boost)  
  15  0:37  Probe (Chrono Boost)  
  15  0:38  Gateway  
  17  0:45  Probe (Chrono Boost)  
  17  0:48  Assimilator  
  17  0:52  Probe  
  18  1:04  Probe  
  19  1:26  Nexus  
  19  1:38  Cybernetics Core  
  20  1:40  Probe (Chrono Boost)  
  21  1:49  Pylon  
  21  1:51  Probe (Chrono Boost)  
  22  1:54  Probe  
  22  2:06  Probe  
  22  2:07  Assimilator  
  23  2:14  Stalker (Chrono Boost)  
  23  2:15  Warp Gate  
  25  2:18  Probe  
  26  2:30  Probe  
  26  2:34  Stalker  
  29  2:42  Probe  
  30  2:45  Probe  
  30  2:48  Twilight Council  
  31  2:54  Probe  
  31  2:57  Probe  
  33  3:06  Probe  
  33  3:09  Probe  
  33  3:11  Stalker  
  37  3:18  Probe  
  38  3:22  Probe  
  38  3:24  Blink (Chrono Boost)  
  39  3:28  Gateway  
  39  3:31  Probe  
  35  3:44  Probe x2  
  37  3:48  Gateway  
  37  3:56  Pylon, Probe x2  
  39  4:08  Probe x2  
  39  4:20  Probe x2  
  39  4:21  Stalker  
  43  4:29  Robotics Facility  
  43  4:32  Probe x2  
  45  4:43  Sentry  
  45  4:44  Probe x2  
  49  4:56  Probe x2  
  51  5:01  Nexus  
  51  5:03  Charge (Chrono Boost), Pylon  
  51  5:08  Probe x2  
  51  5:11  Pylon  
  53  5:16  Observer (Chrono Boost)  
  53  5:21  Probe x2  
  56  5:22  Pylon  
  56  5:29  Observer  
  56  5:33  Probe x2  
  59  5:43  Assimilator  
  59  5:45  Assimilator, Gateway, Probe x2  
  59  5:46  Gateway  
  59  5:48  Gateway  
  61  5:54  Pylon  
  61  5:57  Probe x2  
  61  6:00  Immortal (Chrono Boost)  
  67  6:05  Pylon  
  67  6:09  Probe  
  67  6:14  Robotics Facility  
  67  6:15  Pylon  
  67  6:21  Forge  
  67  6:22  Pylon  
  67  6:24  Probe x2  
  69  6:32  Pylon  
  69  6:38  Probe x2  
  71  6:49  Pylon  
  71  6:52  Immortal (Chrono Boost)  
  75  6:57  Probe  
  76  7:04  Protoss Ground Weapons Level 1 (Chrono Boost)  
  80  7:11  Immortal (Chrono Boost)  
  80  7:13  Observer  
  80  7:15  Probe x3  
  87  7:26  Assimilator x2  
  87  7:27  Probe x2, Immortal (Chrono Boost)  
  87  7:28  Immortal (Chrono Boost)  
  93  7:39  Probe  
  94  7:45  Probe x2  
  96  7:51  Probe  
  96  7:56  Gateway  
  96  7:58  Gateway  
  101  8:00  Gateway, Immortal (Chrono Boost)  
  105  8:06  Immortal (Chrono Boost)  
  105  8:18  Nexus  
  105  8:22  Photon Cannon  
  105  8:24  Photon Cannon  
  105  8:28  Pylon  
  105  8:30  Immortal  
  108  8:36  Stalker x5, Immortal  
  108  8:37  Stalker  
  124  8:43  Protoss Ground Weapons Level 2  
  124  8:50  Stargate  
  124  8:51  Robotics Bay  
  124  8:52  Probe x2  
  126  9:05  Probe x2  
  126  9:08  Warp Prism (Chrono Boost)  
  130  9:15  Immortal (Chrono Boost)  
  82  9:45  Disruptor x2 (Chrono Boost)  
  88  9:51  Probe  
  89  9:56  Pylon  
  89  9:57  Pylon  
  89  9:59  Pylon  
  89  10:08  Stalker x9  
  89  10:09  Fleet Beacon  
  89  10:10  Stargate  
  84  10:31  Zealot x6  
  84  10:32  Zealot x3  
  81  10:54  Stalker x6  
  81  10:55  Stalker x2  
Tags
 
Add a new tag
Caveats
  • Supply blocks, unpowered buildings, or Contaminate may cause inaccurate times.
  • Supply counts are checked every 10 seconds.